Map: Arctic Dream LE

Players

qqq - Winner!

  • Race: Zerg Zerg
  • League: Platinum
  • Spawn Location: 11:00

Massa - Winner!

  • Race: Terran Terran
  • League: Gold
  • Spawn Location: 12:00

broukmoute

  • Race: Zerg Zerg
  • League: Diamond
  • Spawn Location: 5:00

DeiDreKem

  • Race: Terran Terran
  • League: Diamond
  • Spawn Location: 6:00

VOD

Have the link to the VOD?

Description

Time

  • Played on: May 19, 2020, 2:38 p.m.
  • Length: 4:55
Show
View Real Time Build Order
Export as new Build Order

qqq Zerg - Winner!

Build Orders: Hatch First 

Get SALT Encoding   

  12  0:08  Drone  
  12  0:09  Drone  
  14  0:36  Hatchery  
  13  0:51  Spawning Pool  
  13  0:56  Drone  
  13  1:03  Overlord  
  13  1:07  Drone  
  13  1:09  Extractor  
  13  1:15  Drone  
  14  1:24  Drone  
  15  1:35  Drone  
  16  1:43  Zergling x2  
  16  1:44  Queen  
  19  1:49  Drone  
  20  1:55  Drone  
  22  2:01  Drone  
  22  2:03  Zergling x2  
  23  2:12  Zergling x2  
  23  2:14  Queen  
  26  2:16  Zergling x2  
  27  2:25  Zergling x2  
  27  2:27  Metabolic Boost  
  28  2:32  Overlord  
  28  2:38  Overlord  
  28  2:54  Zergling x2  
  28  2:55  Zergling x6  
  28  2:58  Zergling x4  
  34  3:00  Drone  
  34  3:03  Zergling x2  
  36  3:10  Zergling x2  
  36  3:11  Zergling x2  
  38  3:27  Drone x2, Zergling x2  
  40  3:29  Zergling x4  
  40  3:30  Zergling x2  
  40  3:33  Overlord  
  43  3:52  Zergling x4  
  43  3:53  Zergling x6  
  48  4:02  Zergling x6  
  49  4:03  Zergling x2  
  42  4:15  Drone  
  37  4:19  Drone  
  38  4:29  Drone  
  39  4:37  Drone  
Show
View Real Time Build Order
Export as new Build Order

Massa Terran - Winner!

Build Orders:  

Get SALT Encoding   

  12  0:11  Supply Depot  
  12  0:13  SCV  
  13  0:25  SCV  
  14  0:35  Barracks  
  14  0:39  SCV  
  15  0:53  SCV  
  16  1:05  SCV  
  16  1:10  Supply Depot  
  17  1:28  SCV  
  17  1:29  Barracks  
  18  1:33  Barracks  
  18  1:37  Barracks  
  18  1:42  Marine  
  19  1:57  SCV  
  19  2:00  Marine  
  21  2:09  SCV  
  22  2:17  Supply Depot  
  22  2:18  Marine  
  22  2:21  SCV  
  24  2:25  Refinery  
  24  2:26  Marine x2  
  24  2:29  Marine  
  27  2:35  Marine  
  28  2:42  Supply Depot  
  28  2:43  Marine  
  29  2:44  Marine  
  29  2:47  Marine  
  31  2:53  Marine  
  32  3:01  Marine  
  32  3:02  Marine  
  32  3:05  Marine  
  35  3:11  Marine, Supply Depot  
  36  3:19  Marine  
  37  3:20  Marine  
  37  3:22  Marine  
  39  3:29  Marine  
  40  3:37  Marine  
  40  3:38  Marine  
  40  3:40  Marine  
  43  3:47  Marine  
  44  3:55  Marine  
  42  3:56  Marine  
  42  3:58  Marine  
  44  4:04  Marine  
  45  4:12  Marine  
  45  4:13  Marine  
Show
View Real Time Build Order
Export as new Build Order

broukmoute Zerg 

Build Orders: Hatch First 

Get SALT Encoding   

  12  0:00  Drone  
  13  0:14  Overlord  
  13  0:22  Drone  
  14  0:32  Drone x2  
  16  0:46  Drone  
  17  0:52  Hatchery  
  17  0:55  Drone  
  17  1:02  Drone  
  18  1:10  Extractor  
  17  1:15  Spawning Pool  
  17  1:17  Drone  
  17  1:22  Drone  
  18  1:31  Drone  
  19  1:52  Overlord  
  19  2:03  Queen x2  
  19  2:05  Zergling x6  
  26  2:13  Metabolic Boost  
  26  2:15  Zergling x2  
  26  2:16  Zergling x2  
  28  2:34  Baneling Nest  
  28  2:35  Zergling x6  
  30  2:48  Zergling x6  
  33  3:01  Overlord  
  33  3:03  Drone  
  34  3:07  Drone  
  35  3:30  Drone x6  
  41  3:34  Lair  
  41  3:36  Drone  
  41  3:40  Zergling x2  
  40  3:49  Zergling x2  
  36  4:08  Overlord x3  
  33  4:15  Zergling x4  
  33  4:16  Zergling x4  
  25  4:19  Drone x2  
  18  4:27  Zergling x2  
  19  4:35  Zergling x2  
  19  4:38  Zergling x2  
Show
View Real Time Build Order
Export as new Build Order

DeiDreKem Terran 

Build Orders:  

Get SALT Encoding   

  12  0:01  SCV  
  13  0:13  SCV  
  14  0:18  Supply Depot  
  14  0:25  SCV  
  15  0:39  SCV  
  16  0:44  Barracks  
  16  0:49  Refinery  
  16  1:01  SCV  
  17  1:13  SCV  
  18  1:25  SCV  
  19  1:35  Marine  
  19  1:37  Orbital Command  
  20  1:45  Command Center  
  20  1:54  Marine  
  21  1:56  Supply Depot  
  21  2:09  Factory  
  21  2:24  SCV  
  21  2:25  Barracks Reactor  
  21  2:27  Refinery  
  22  2:36  SCV  
  23  2:41  Barracks  
  23  2:49  SCV  
  24  2:55  Factory Tech Lab  
  24  2:59  Starport  
  24  3:03  Orbital Command  
  24  3:04  SCV  
  24  3:05  Marine x2  
  27  3:16  Refinery  
  27  3:17  SCV  
  28  3:22  Siege Tank  
  31  3:30  SCV  
  31  3:31  SCV  
  31  3:32  Marine x2  
  31  3:34  Barracks Tech Lab  
  35  3:39  Starport Reactor  
  35  4:06  Marine x3, Siege Tank  
  35  4:08  SCV x2  
  39  4:37  Marine x3  
Tags
 
Add a new tag
Caveats
  • Supply blocks, unpowered buildings, or Contaminate may cause inaccurate times.
  • Supply counts are checked every 10 seconds.